cohdb
Replays
Latest Replays
All Replays
Popular Replays
Top Player Replays
Match Explorer
How It Works
Community
CoH3 Stats
Reddit
Sign in to upload your games and track your stats! →
Sign in with Steam
Match 42174322
Unlisted
Match 42174322
Overview
Messages
Build Orders
End
Construct Infanterie Kompanie
Selects Breakthrough Battlegroup
MG 42 Machine Gun Team
Grenadier Squad
Selects Assault Grenadiers
MG 42 Machine Gun Team
Grenadier Squad
Construct Panzergrenadier Kompanie
MG 42 Bunker
251 Medium Carrier
Selects 2.5-tonne Cargo Truck
GrW 34 Mortar Team
Pak 40 Anti-tank Gun Team
Support Elements
StuG III G Assault Gun
AI Takeover
arekad92
bluetooth
neonwaveee
NEOri
DuppyBoi
Deagl1
[GG]Onkel Stonkel
[GG]Quiq
0
0
Comments
sign in to comment!
No comments posted yet!